 Dungeon Crawl Stone Soup version 0.26.0-16-gc1dbca0489 (webtiles) character file.

Game seed: 16986754808666568051

802 EnegeticOcto the Fighter (level 7, 0/80 HPs)
             Began as a Ghoul Venom Mage on Jan 20, 2021.
             Was an Initiate of Okawaru.
             Slain by Duvessa
             ... wielding a +0 short sword
              (1 damage)
             ... on level 5 of the Dungeon.
             The game lasted 00:05:38 (5398 turns).

EnegeticOcto the Fighter (Ghoul Venom Mage)         Turns: 5398, Time: 00:05:38

Health: 0/80       AC:  8    Str: 14    XL:     7   Next: 90%
Magic:  8/8        EV:  6    Int: 10    God:    Okawaru [......]
Gold:   343        SH:  0    Dex:  9    Spells: 8/9 levels left

rFire    . . .     SeeInvis .     - Unarmed
rCold    + . .     Faith    .   (no shield)
rNeg     + + +     Spirit   .   b - +0 chain mail
rPois    ∞         Reflect  .   (no helmet)
rElec    .         Harm     .   (no cloak)
rCorr    .         Rampage  .   (no gloves)
Will     .....                  (no boots)
Stlth    ..........             n - amulet of regeneration
HPRegen  0.00/turn              (no ring)
MPRegen  0.11/turn              (no ring)

@: no status effects
A: claws 1, cold resistance 1, negative energy resistance 3, inhibited
regeneration, torment resistance, unbreathing
a: Renounce Religion


You were on level 5 of the Dungeon.
You worshipped Okawaru.
Okawaru was noncommittal.
You visited 1 branch of the dungeon, and saw 5 of its levels.

You collected 343 gold pieces.

Inventory:

Missiles
 f - a throwing net {!f}
 m - 5 poisoned darts (quivered)
Armour
 a - a +0 robe
 b - a +0 chain mail (worn)
   (You found it on level 1 of the Dungeon)
Jewellery
 n - an amulet of regeneration (around neck)
   (You found it on level 4 of the Dungeon)
Wands
 o - a wand of digging (3) {@v3}
   (You found it on level 4 of the Dungeon)
Scrolls
 d - a scroll of remove curse {@r2}
 g - 2 scrolls of enchant armour {unknown}
 h - 2 scrolls of fog {!r}
 i - a scroll of summoning {unknown}
 j - 2 scrolls of enchant weapon {unknown}
Potions
 l - a potion of cancellation


   Skills:
 + Level 13.7 Fighting
 + Level 1.0 Throwing
 - Level 1.7 Dodging
 - Level 2.1 Stealth
 + Level 4.5 Unarmed Combat
 - Level 1.7 Spellcasting
 - Level 0.8 Transmutations
 - Level 3.0 Poison Magic
 + Level 2.1 Invocations


You had 8 spell levels left.
You knew the following spells:

 Your Spells              Type           Power        Failure   Level
a - Sting                 Tmut/Pois      16%          99%         1

Your spell library contained the following spells:

 Spells                   Type           Power        Failure   Level
 Animate Skeleton         Necr           0%           100%        1
 Apportation              Tloc           0%           100%        1
 Corona                   Hex            0%           100%        1
 Summon Small Mammal      Summ           0%           100%        1
 Poisonous Vapours        Pois/Air       6%           100%        2
 Ignite Poison            Fire/Tmut/Pois 3%           100%        3
 Mephitic Cloud           Conj/Pois/Air  2%           100%        3
 Olgreb's Toxic Radiance  Pois           6%           100%        4


Dungeon Overview and Level Annotations

Branches:
Dungeon (5/15)
 Temple: D:4-7

Altars:
Gozag
Makhleb
Okawaru
Ru
Sif Muna
Wu Jian
Xom
The Shining One

Annotations:
D:5 Dowan, Duvessa


Innate Abilities, Weirdness & Mutations

You thrive by killing the living.
You are immune to poison.
You have sharp fingernails.
Your flesh is cold resistant. (rC+)
You are immune to negative energy. (rN+++)
You do not regenerate when monsters are visible.
You are immune to unholy pain and torment.
You can survive without breathing.


Message History

Duvessa is lightly wounded.
Duvessa hits you but does no damage.
You claw Duvessa!
Duvessa is heavily wounded.
Duvessa hits you with a +0 short sword.
You scratch Duvessa.
Duvessa is severely wounded.
Dowan casts a spell at Duvessa.
Duvessa seems to speed up.
Your chain mail prevents you from hitting Duvessa.
Duvessa is severely wounded.
Duvessa hits you but does no damage. x2
You barely miss Duvessa.
Duvessa is severely wounded.
Duvessa barely misses you.
You scratch Duvessa.
Duvessa is severely wounded.
Duvessa hits you with a +0 short sword. x2
You barely miss Duvessa.
Duvessa is severely wounded.
Duvessa hits you with a +0 short sword!
You scratch Duvessa.
Duvessa is severely wounded.
Duvessa hits you but does no damage.
You closely miss Duvessa.
Duvessa is severely wounded.
Duvessa hits you with a +0 short sword. Duvessa hits you with a +0 short sword!
You scratch Duvessa.
Duvessa is almost dead.
Duvessa barely misses you.
You scratch Duvessa but do no damage.
Duvessa is almost dead.
Duvessa hits you but does no damage. Duvessa barely misses you.
You barely miss Duvessa.
Duvessa is almost dead.
Duvessa closely misses you.
Dowan says, "Magic and the sword, together, will defeat you."
You scratch Duvessa.
Duvessa is almost dead.
Duvessa hits you with a +0 short sword!
* * * LOW HITPOINT WARNING * * *
You scratch Duvessa but do no damage.
Duvessa is almost dead.
Duvessa hits you but does no damage. Duvessa closely misses you.
You completely miss Duvessa.
Duvessa is almost dead.
Duvessa hits you with a +0 short sword.
* * * LOW HITPOINT WARNING * * *
You barely miss Duvessa.
Duvessa is almost dead.
Duvessa hits you with a +0 short sword.
* * * LOW HITPOINT WARNING * * *
Dowan gestures wildly while chanting.
Dowan blinks!
It was a potion of experience.
You feel more experienced!
Your Fighting skill gained 9 levels and is now at level 13!
You have reached level 7!
Duvessa hits you with a +0 short sword.
* * * LOW HITPOINT WARNING * * *
Dowan hits you but does no damage. Duvessa completely misses you.
Really quaff
e - 2 potions of curing {@q1 !q}?
You feel better. Duvessa hits you with a +0 short sword.
* * * LOW HITPOINT WARNING * * *
Dowan hits you but does no damage.
You scratch Duvessa but do no damage.
Duvessa is almost dead.
Duvessa hits you with a +0 short sword.
* * * LOW HITPOINT WARNING * * *
Dowan barely misses you. Duvessa hits you but does no damage.
You barely miss Duvessa.
Duvessa is almost dead.
Duvessa hits you with a +0 short sword!
* * * LOW HITPOINT WARNING * * *
Dowan barely misses you.
Really quaff
e - a potion of curing {@q1 !q}?
You feel better. Duvessa hits you with a +0 short sword.
* * * LOW HITPOINT WARNING * * *
Dowan barely misses you. Duvessa hits you with a +0 short sword.
* * * LOW HITPOINT WARNING * * *
You scratch Duvessa.
Duvessa is almost dead.
Dowan hits you but does no damage. Duvessa hits you with a +0 short sword.
* * * LOW HITPOINT WARNING * * *
You scratch Duvessa but do no damage.
Duvessa is almost dead.
Duvessa hits you with a +0 short sword.
* * * LOW HITPOINT WARNING * * *
Dowan points at you and mumbles some strange words.
The puff of flame hits you.
* * * LOW HITPOINT WARNING * * *
You scratch Duvessa but do no damage.
Duvessa is almost dead.
Duvessa hits you with a +0 short sword.
* * * LOW HITPOINT WARNING * * *
Dowan hits you but does no damage. Duvessa barely misses you.
As you read the scroll labelled NYACVA HOURAJU, it crumbles to dust.
You experience a momentary feeling of inescapable doom!
It was a scroll of random uselessness.
Duvessa hits you with a +0 short sword.
You die...

...# ### # ...# ##.# #.# #
##...# #...##.# # # #....##
#...##.# # .. #..#.. ...##.# #
#..#..#.# #..##.# # #.......#
#..##.# #
........#######..##.#### #
##........((e@e........#######
######.########.####.........
##.########.# ##########
#.#.........# ##.##########
###


You could see Duvessa (fast) and Dowan.

Vanquished Creatures
  2 hounds (D:4)
  An orc wizard (D:3)
  An iguana (D:4)
  Natasha (twice) (D:2)
  A worker ant (D:4)
  A hound skeleton (D:4)
  A gnoll (D:2)
  7 adders
  6 worms
  A dart slug (D:2)
  2 leopard geckos
  13 orcs
  14 bats
  3 giant cockroaches
  6 goblins
  15 hobgoblins
  7 jackals
  A quokka (D:2)
  10 frilled lizards
  A jackal skeleton (D:4)
  9 kobolds
  10 rats
114 creatures vanquished.

Notes
Turn   | Place    | Note
-------+----------+-------------------------------------------
     0 | D:1      | EnegeticOcto the Ghoul Venom Mage began the quest for the
                  | Orb.
     0 | D:1      | Reached XP level 1. HP: 14/14 MP: 2/2
    52 | D:1      | Reached skill level 1 in Fighting
   207 | D:1      | Reached XP level 2. HP: 23/23 MP: 3/3
   218 | D:1      | Found a glowing golden altar of the Shining One.
   294 | D:1      | Reached skill level 1 in Unarmed Combat
   446 | D:1      | Reached skill level 2 in Fighting
   634 | D:1      | Reached XP level 3. HP: 29/29 MP: 4/4
  1121 | D:2      | Reached skill level 2 in Unarmed Combat
  1300 | D:2      | Reached XP level 4. HP: 30/37 MP: 5/5
  1387 | D:2      | Found a shimmering blue altar of Sif Muna.
  1505 | D:2      | Reached skill level 3 in Fighting
  1756 | D:2      | Noticed Natasha
  1762 | D:2      | Killed Natasha
  1763 | D:2      | Reached skill level 3 in Unarmed Combat
  1867 | D:2      | Found a shimmering altar of Xom.
  1973 | D:2      | Reached XP level 5. HP: 45/45 MP: 6/6
  2227 | D:2      | Noticed Natasha
  2405 | D:2      | Found an iron altar of Okawaru.
  2409 | D:2      | Found an opulent altar of Gozag.
  2414 | D:2      | Found an ornate altar of the Wu Jian Council.
  2428 | D:2      | Became a worshipper of Warmaster Okawaru
  2462 | D:2      | Killed Natasha
  2463 | D:2      | Reached skill level 4 in Fighting
  3083 | D:3      | Reached XP level 6. HP: 52/52 MP: 7/7
  3117 | D:3      | Reached skill level 1 in Invocations
  3310 | D:3      | Reached skill level 4 in Unarmed Combat
  3509 | D:3      | Found an ancient bone altar of Kikubaaqudgha.
  3565 | D:3      | Found a glowing golden altar of the Shining One.
  3565 | D:3      | Found a sacrificial altar of Ru.
  3567 | D:3      | Found a shimmering altar of Xom.
  3567 | D:3      | Found a burning altar of Makhleb.
  3567 | D:3      | Found a sacrificial altar of Ru.
  3658 | D:3      | HP: 2/53 [orc/+0 club (2)]
  4633 | D:4      | Reached skill level 2 in Invocations
  4948 | D:4      | Reached skill level 1 in Throwing
  5231 | D:5      | Entered Level 5 of the Dungeon
  5357 | D:5      | Noticed Dowan
  5365 | D:5      | Noticed Duvessa
  5390 | D:5      | Reached skill level 13 in Fighting
  5390 | D:5      | Reached XP level 7. HP: 11/80 MP: 8/8
  5396 | D:5      | HP: 4/80 [Dowan/puff of flame (5)]
  5397 | D:5      | HP: 1/80 [Duvessa/+0 short sword (3)]
  5398 | D:5      | Slain by Duvessa

Illustrated notes

Levels and vault maps discovered:
D:1:      dpeg_arrival_rhombus, layout_loops_ring, tso_altar
D:2:      minmay_razor_zed, layout_basic, minmay_overflow_temple_star_quad,
          marbit_many_paths, old_standard_altar, minmay_misc_feat_more_columns,
          hex_large, uniq_natasha
D:3:      layout_loops_cross, minmay_misc_feat_x, hangedman_decor_points,
          doesnt_xom_only_xom
D:4:      layout_basic, minivault_5, minmay_misc_feat_plants
D:5:      layout_loops_ring, tgw_trog, kennysheep_slug_shrine,
          makhleb_blood_cavern_becter, uniq_duvessa, uniq_edmund,
          uniq_eustachio, uniq_grinder

Skill      XL: |  1  2  3  4  5  6 |
---------------+-------------------+-----
Fighting       | 1 2 3 4 13 | 13.7
Unarmed Combat | 1 2 3 4 |  4.5
Invocations    | 2 |  2.1
Throwing       | 1 |  1.0
Dodging        | |  1.7
Stealth        | |  2.1
Spellcasting   | |  1.7
Transmutations | |  0.8
Poison Magic   | |  3.0

Action                   |  1- 3 |  4- 6 |  7- 9 || total
-------------------------+-------+-------+-------++-------
Melee: Unarmed           |   182 |   390 |     5 ||   577
       Punch             |       |     4 |       ||     4
Throw: Dart              |       |     2 |       ||     2
 Cast: Sting             |     4 |       |       ||     4
  Use: Scroll            |       |     4 |     1 ||     5
       Potion            |       |     3 |     2 ||     5
Armor: Chain mail        |   113 |   231 |     4 ||   348
       Robe              |     3 |       |       ||     3
Dodge: Dodged            |    45 |   117 |     5 ||   167
